 Dungeon Crawl Stone Soup version 0.28-a0-987-g8383568036 (webtiles) character file.

Game seed: 2384965617508020636

44 GregHouse the Chopper (level 3, -4/31 (33) HPs)
             Began as a Hill Orc Monk on Dec 4, 2021.
             Slain by a wight (8 damage)
             ... on level 3 of the Dungeon.
             The game lasted 00:12:40 (2014 turns).

GregHouse the Chopper (Hill Orc Monk)               Turns: 2014, Time: 00:12:41

HP:   -4/31 (33)    AC:  5    Str: 15    XL:     3   Next: 60%
MP:   3/3           EV: 11    Int: 10    God:
Gold: 111           SH:  0    Dex: 19    Spells: 2/2 levels left

rFire   . . .      SeeInvis .   d - +1 hand axe (vorpal)
rCold   . . .      Faith    .   (no shield)
rNeg    . . .      Spirit   .   l - +0 ring mail
rPois   .          Reflect  .   (no helmet)
rElec   .          Harm     .   (no cloak)
rCorr   .          Rampage  .   (no gloves)
Will    .....                   (no boots)
Stlth   ++........              (no amulet)
HPRegen 0.10/turn               g - +6 ring of dexterity
MPRegen 0.08/turn               (no ring)

@: drained
A: no striking features
a: no special abilities


You were on level 3 of the Dungeon.
You visited 1 branch of the dungeon, and saw 3 of its levels.

You collected 111 gold pieces.

Inventory:

Hand Weapons
 c - a +1 spear of venom
 d - a +1 vorpal hand axe (weapon)
Armour
 l - a +0 ring mail (worn)
Magical Staves
 a - a staff of earth
 h - a staff of air
Jewellery
 g - a +6 ring of dexterity (left hand)
Scrolls
 b - a scroll of torment {unknown}
 i - a scroll of amnesia
 j - a scroll of identify {unknown}
 m - a scroll of blinking {unknown}
Potions
 e - a potion of haste {unknown}
 f - a potion of degeneration {unknown}
 k - 2 potions of magic {unknown}
 n - a potion of heal wounds {unknown}


   Skills:
 + Level 4.3 Fighting
 + Level 4.6(4.8) Axes
 + Level 1.3(2.7) Polearms
 - Level 2.4 Dodging
 + Level 2.0 Stealth


You had 2 spell levels left.
You didn't know any spells.
Your spell library contained the following spells:

 Spells                   Type           Power      Damage    Failure   Level
 Magic Dart               Conj           0%         1d3       58%         1
 Call Imp                 Summ           0%         N/A       75%         2
 Mephitic Cloud           Conj/Pois/Air  0%         N/A       92%         3


Dungeon Overview and Level Annotations

Branches:
Dungeon (3/15)

Altars:
Cheibriados
Gozag
Hepliaklqana
Kikubaaqudgha
Makhleb
Okawaru
Qazlal
Ru
Trog
Wu Jian
Zin

Annotations:
D:2 1 runed translucent door, Crazy Yiuf


Message History

Found an iron altar of Okawaru.
There is a glowing silver altar of Zin here.
Found an opulent altar of Gozag.
Found a bloodstained altar of Trog.
There is a stormy altar of Qazlal here.
There is an opulent altar of Gozag here.
Found 9 gold pieces.
Found a flail.
You now have 111 gold pieces (gained 9).
Found a pink potion.
n - a pink potion A rat and 4 wights come into view.
A wight is wielding a +3 morningstar of freezing.
The wight moves out of view.
There are monsters nearby!
Reach: c) +1 spear (venom)
Press: ? - help, Dir - move target
Okay, then.
Press: ? - help, . - travel You can't see that place.
Setting a skill training target for Axes at 14.0.
Your +1 spear of venom stops dripping with poison.
d - a +1 vorpal hand axe (weapon)
You hit the wight.
The wight is lightly damaged.
The wight barely misses you.
You hit the wight but do no damage.
The wight is lightly damaged.
The wight hits you with a +4 hand axe!
You feel drained.
You completely miss the wight.
The wight is lightly damaged.
The wight closely misses you.
You barely miss the wight.
The wight is lightly damaged.
The wight hits you with a +4 hand axe!
* * * LOW HITPOINT WARNING * * *
As you read the scroll labelled UWAAFESOAQ, it crumbles to dust.
It is a scroll of amnesia.
You feel forgetful for a moment. The wight hits you with a +4 hand axe!
You die...

#########
#.......#
#.#####.#
###.#####.#
#......##.#
#.#.##.##.#
#.#...z...#
#z####z####
#.zzz...#
##@######
####.####
#.......#
..
#..####.#
..r #..#
#.# ..
#....##.# .
#.##.##.#
#.......#
#)......#
#.#..##.#


You could see 2 wights.

Vanquished Creatures
  An adder (D:3)
  3 dart slugs
  2 ball pythons
  2 endoplasms
  A giant cockroach (D:2)
  6 hobgoblins
  A quokka (D:1)
  5 bats
  5 kobolds
  3 rats
29 creatures vanquished.

Notes
Turn   | Place    | Note
-------+----------+-------------------------------------------
     0 | D:1      | GregHouse the Hill Orc Monk began the quest for the Orb.
     0 | D:1      | Reached XP level 1. HP: 19/19 MP: 1/1
   306 | D:1      | Reached XP level 2. HP: 27/27 MP: 2/2
   393 | D:1      | You fall into a shaft and drop 1 floor!
   418 | D:2      | Found a faded altar of an unknown god.
  1081 | D:1      | Reached XP level 3. HP: 25/33 MP: 3/3
  1430 | D:3      | Reached skill level 1 in Polearms
  1686 | D:2      | Found a runed translucent door.
  1687 | D:2      | Noticed Crazy Yiuf
  1893 | D:3      | Found a sacrificial altar of Ru.
  1895 | D:3      | Found an ornate altar of the Wu Jian Council.
  1898 | D:3      | Found a burning altar of Makhleb.
  1905 | D:3      | Found a hazy altar of Hepliaklqana.
  1909 | D:3      | Found a snail-covered altar of Cheibriados.
  1912 | D:3      | Found a glowing silver altar of Zin.
  1913 | D:3      | Found an ancient bone altar of Kikubaaqudgha.
  1914 | D:3      | Found a stormy altar of Qazlal.
  1917 | D:3      | Found an iron altar of Okawaru.
  1920 | D:3      | Found an opulent altar of Gozag.
  1921 | D:3      | Found a bloodstained altar of Trog.
  2014 | D:3      | Slain by a wight

Illustrated notes

Levels and vault maps discovered:
D:1:      lemuel_arrival_broad_hall, layout_basic
D:2:      layout_rooms, ebering_ecumenical_altar_hall, columned_hall_lemuel,
          uniq_crazy_yiuf_cottage
D:3:      layout_loops_cross, nicolae_overflow_hallway_of_the_gods

Skill      XL: |  1  2  3 |
---------------+----------+-----
Fighting       | 4 |  4.3
Polearms       | 1 |  1.3
Stealth        | 2 |  2.0
Axes           | |  4.6
Dodging        | |  2.4

Action                   || total
-------------------------++-------
Melee: Spear             ||    70
       Hand axe          ||     4
  Use: Scroll            ||     1
 Stab: Sleeping          ||     7
Armor: Robe              ||     5
       Ring mail         ||     6
       Leather armour    ||     2
Dodge: Dodged            ||    30

Table legend: (Time is in decaauts)
 A = Elapsed time spent in this place.
 B = Non-inter-level travel time spent in this place.
 C = Inter-level travel time spent in this place.
 D = Time resting spent in this place.
 E = Time spent auto-exploring this place.
 F = Levels seen in this place.
 G = Mean time per level.
                   A        B        C        D        E       F      G
               +--------+--------+--------+--------+--------+-----+--------+
         Total |   2016 |   1946 |     70 |    266 |   1039 |   3 |  672.0 |
       Dungeon |   2016 |   1946 |     70 |    266 |   1039 |   3 |  672.0 |
               +--------+--------+--------+--------+--------+-----+--------+

Top non-repeatable levels by time:
     D:1: 1106 daAuts
     D:2: 641 daAuts
     D:3: 268 daAuts
